[Event "*** SCC Grand Prix: Titled Tuesday Blitz"]
[Site "Chess.com"]
[Date "2020.07.07"]
[Round "1"]
[White "PenguinPacks"]
[Black "AnishOnYoutube"]
[Result "0-1"]
[WhiteElo "2383"]
[BlackElo "2715"]
[TimeControl "180+1"]
[EndTime "10:07:29 PDT"]
[Termination "AnishOnYoutube won on time"]

1. e4 c5 2. Nf3 d6 3. Bb5+ Nd7 4.
O-O a6 5. Bxd7+ Bxd7 6. d4 cxd4 7. Qxd4 Nf6 8. Bg5 e6 9. c4 Be7 10. Nc3 Bc6 11. Rad1 O-O 12. Rfe1 Rc8 13. Rd3 b5 14.
cxb5 axb5 15. e5 dxe5 16. Nxe5 Qc7 17. Qh4 b4 18. Rh3 Rfd8 19. Bxf6 Bxf6 20. Qxh7+ Kf8 21. Nxc6 Qxc6 22. Ne4 Bxb2 23. Qh8+ Ke7 24. Qh4+ Ke8 25. Rf3 Qd5 26. Qf4 f6 27. Qg4 Kf8 28. Qh3 Be5 29. Ng5 Ke7 30. Nxe6 Qxe6 31. Qh5 Rd2 32. Qg6 Kf8 33.
Qh5 Rdc2 34. Qh8+ Kf7 35. Qh5+ Ke7 36. Qh7 Kf8 37. Qh8+ Qg8 38. Qh5 Bc3 39. Qf5 Bxe1 0-1

[Event "*** SCC Grand Prix: Titled Tuesday Blitz"]
[Site "Chess.com"]
[Date "2020.07.07"]
[Round "1"]
[White "IMRosen"]
[Black "Quiet_Desperation"]
[Result "1-0"]
[WhiteElo "2565"]
[BlackElo "2212"]
[TimeControl "180+1"]
[EndTime "10:07:29 PDT"]
[Termination "IMRosen won on time"]

1. d4 d5 2. Bf4 Nf6 3. e3 Bf5 4. Nf3 e6 5. Ne5 Bd6 6. g4 Be4 7. f3 Bg6 8. h4 h5 9. g5 Bxe5 10.
Bxe5 Nfd7 11. Bg3 Nc6 12. Nc3 O-O 13. Bd3 Bxd3 14. Qxd3 g6 15. O-O-O Nb6 16. e4 Qe7 17. exd5 exd5 18. a3 Rfe8 19. Rhe1 Qd7 20. Nb5 Rxe1 21. Rxe1 Rc8 22. b3 a6 23. Nc3 Re8 24. Re3 Re7 25. Kb2 Na5 26. Be5 Nac4+ 27. bxc4 Nxc4+ 28. Kc1 Qc6 29. f4 Qb6 30. Nd1 Nxe3 31. Qxe3 Qe6 32. Nf2 b6 33. Nd3 Qg4 34. Kb2 Qxh4 35. f5 Qg4 36. Nf4 Qxf5 37. Nxd5 Re6 38. Nf6+ Kf8 39. Qc3 1-0

[Event "*** SCC Grand Prix: Titled Tuesday Blitz"]
[Site "Chess.com"]
[Date "2020.07.07"]
[Round "1"]
[White "bmt011"]
[Black "OhanyanEminChess"]
[Result "0-1"]
[WhiteElo "2123"]
[BlackElo "2516"]
[TimeControl "180+1"]
[EndTime "10:07:29 PDT"]
[Termination "OhanyanEminChess won on time"]

1. d4 Nf6 2. Bf4 c5 3. c3 d5 4. e3 Nc6 5. Nd2 Bf5 6. Qb3 Qb6 7. h3 e6 8. g4 Bg6 9. Bg2 c4 10. Qxb6 axb6 11. a3 b5 12. Rc1 Kd7 13. Ne2 Bd6 14.
Bxd6 Kxd6 15. Nf4 Nd7 16. Nxg6 hxg6 17. e4 g5 18. O-O f6 19. Rcd1 Nb6 20. Rfe1 Na4 21. Rb1 Rhe8 22. Nf1 Ne7 23. Ne3 Ng6 24. exd5 exd5 25. Nf5+ Kc6 26. Nxg7 Rxe1+ 27. Rxe1 Nxb2 28.
Re6+ Kc7 29. Rxf6 Nf4 30. Ne6+ Nxe6 31. Rxe6 Rxa3 32. Bxd5 Rxc3 33. Rh6 Rc1+ 34. Kg2 c3 35. Rh7+ Kd6 36. Bxb7 c2 37. Be4 Rg1+ 38. Kxg1 c1=Q+ 39. Kg2 Qf4 40. Rh6+ Ke7 41. f3 Nd1 42. Rh7+ Kf6 43.
Rh6+ Kg7 44. Rg6+ Kf7 45. Rb6 Ne3+ 46. Kf2 Nc4 47. Rxb5 Qh2+ 48. Kf1 Ne3+ 49. Ke1 Kf6 50. Rb6+ Ke7 51. Rb7+ Kd6 52. Rb6+ Kc7 53. Rb7+ Kc8 0-1

[Event "*** SCC Grand Prix: Titled Tuesday Blitz"]
[Site "Chess.com"]
[Date "2020.07.07"]
[Round "1"]
[White "ajian"]
[Black "CarlosAlbornoz"]
[Result "0-1"]
[WhiteElo "2414"]
[BlackElo "2795"]
[TimeControl "180+1"]
[EndTime "10:07:30 PDT"]
[Termination "CarlosAlbornoz won by checkmate"]

1. d4 Nf6 2. c4 g6 3. Nc3 Bg7 4. e4 d6 5. Nf3 O-O 6. Be2 Bg4 7.
Be3 Nfd7 8. O-O Nc6 9. d5 Bxf3 10.
Bxf3 Na5 11. Be2 Bxc3 12. bxc3 e5 13. c5 Nxc5 14. Bxc5 dxc5 15. Qa4 b6 16. Rfd1 Nb7 17.
Qc2 Nd6 18. a4 a5 19. Re1 f5 20. exf5 gxf5 21. Rad1 Qf6 22. g3 Kh8 23. Bf3 Rae8 24. Bg2 Re7 25. Qe2 e4 26. c4 f4 27. Qg4 Rg8 28.
Qh3 f3 29. Bf1 Reg7 30. Qh5 Rg5 31. Qh3 Re5 32. Qd7 Rg7 33. Qc6 Rf7 34. Re3 Nf5 35. Qxf6+ Rxf6 36. Rb3 e3 37. fxe3 f2+ 38. Kh1 Nxe3 39.
Rc1 Kg7 40. Bh3 f1=Q+ 41. Bxf1 Nxf1 42. Kg2 Ne3+ 43. Kg1 Nf5 44. Rf1 Nd4 45. Rxf6 Kxf6 46. Rb1 Re2 47. Rf1+ Ke5 48. Rf7 Kd6 49. Rxh7 Nf3+ 50.
Kh1 Rc2 51. Rh6+ Ke5 52. Rh7 Ke4 53. g4 Ke3 54. g5 Kf2 55. h4 Rc1# 0-1

[Event "*** SCC Grand Prix: Titled Tuesday Blitz"]
[Site "Chess.com"]
[Date "2020.07.07"]
[Round "1"]
[White "Maaikee"]
[Black "BlackBoarder"]
[Result "1-0"]
[WhiteElo "2289"]
[BlackElo "2583"]
[TimeControl "180+1"]
[EndTime "10:07:30 PDT"]
[Termination "Maaikee won by checkmate"]

1. e4 e6 2. d4 d5 3. Nd2 c5 4. exd5 Qxd5 5. dxc5 Bxc5 6. Ngf3 Nf6 7. Bc4 Qc6 8. O-O O-O 9. Qe2 a6 10. Nb3 Bd6 11.
Nbd4 Qc7 12. Bg5 Nbd7 13. Rad1 Re8 14. h3 b5 15. Bxb5 axb5 16. Nxb5 Ba6 17. Nxc7 Bxe2 18. Rxd6 Bxf1 19. Nxa8 Bxg2 20. Kxg2 Rxa8 21. a3 Kf8 22.
Be3 Rc8 23. c3 Rb8 24. Rd2 Nd5 25. c4 Nxe3+ 26. fxe3 Nb6 27. Rc2 Ke7 28. b4 Rd8 29. Nd4 Rd7 30. c5 Nd5 31. Kf3 e5 32. Nc6+ Ke6 33.
b5 Rc7 34. Nb4 Nf6 35. b6 Rc8 36. c6 Kd6 37. c7 Nd7 38. Rc6+ Ke7 39. b7 e4+ 40.
Kxe4 Re8 41. c8=Q Nf6+ 42. Kf3 g6 43. Qc7+ Kf8 44. Rxf6 Re7 45. Qd8+ Kg7 46. Qd6 Kh6 47. Qxe7 Kg5 48. Rxf7+ Kh6 49. Rxh7# 1-0

[Event "*** SCC Grand Prix: Titled Tuesday Blitz"]
[Site "Chess.com"]
[Date "2020.07.07"]
[Round "1"]
[White "StephenDedalus83"]
[Black "FontVella8"]
[Result "0-1"]
[WhiteElo "2803"]
[BlackElo "2442"]
[TimeControl "180+1"]
[EndTime "10:07:31 PDT"]
[Termination "FontVella8 won by resignation"]

1. e4 c6 2. d4 d5 3. e5 c5 4. Nf3 Nc6 5. c4 cxd4 6. cxd5 Qxd5 7. Nc3 Qa5 8. Nxd4 Qxe5+ 9. Be3 Nf6 10. Nxc6 bxc6 11.
Qa4 Bd7 12. O-O-O e6 13. Bf4 Qc5 14. Kb1 Nd5 15. Ne4 Qb4 16. Qxb4 Bxb4 17. Bd6 Bxd6 18. Nxd6+ Ke7 19. Ne4 e5 20. Nc5 Bf5+ 21. Bd3 Bxd3+ 22.
Rxd3 f6 23. Rc1 Rab8 24. Ra3 Ra8 25. Rc4 Rhb8 26. Rca4 Kd6 27. Ne4+ Kc7 28. Rxa7+ Rxa7 29. Rxa7+ Rb7 30. Ra8 Kb6 31. Kc2 Nf4 32. g3 Ne6 33.
Kc3 Rd7 34. Re8 Nd4 35. b4 Nb5+ 36. Kc2 Rd4 37. Nc5 Rxb4 38. Nd7+ Kc7 39. Re7 Kd6 40. Rxg7 Nd4+ 41. Kc3 Rb7 42. Nxf6 Rxg7 43. Ne8+ Kd5 44.
Nxg7 Ke4 45. a4 Kf3 46. a5 Kxf2 47. a6 Nb5+ 48. Kd3 Kf3 49. Nf5 e4+ 50. Kd2 c5 51. Ne3 h5 52. Nc4 Kg2 53. Nd6 Nxd6 54. a7 Nc4+ 55.
Ke2 Nb6 56. Ke3 Kxh2 0-1

[Event "*** SCC Grand Prix: Titled Tuesday Blitz"]
[Site "Chess.com"]
[Date "2020.07.07"]
[Round "1"]
[White "ElviraBerend"]
[Black "vugarrasulov"]
[Result "0-1"]
[WhiteElo "2423"]
[BlackElo "2815"]
[TimeControl "180+1"]
[EndTime "10:07:31 PDT"]
[Termination "vugarrasulov won by resignation"]

1. d4 Nf6 2. c4 e6 3. g3 d5 4.
Nf3 Bb4+ 5. Bd2 Be7 6. Bg2 O-O 7. O-O dxc4 8. Qc2 b5 9. a4 b4 10. Ne5 Qxd4 11. Nxc4 Nd5 12. e4 Ba6 13. Rc1 Nb6 14. Nxb6 axb6 15. Be3 Qd3 16. Qxc7 Bd8 17. Qf4 e5 18. Qg4 Qd7 19. Qh5 Nc6 20. Nd2 g6 21.
Qh6 Bf6 22. Nc4 Bxc4 23. Rxc4 b5 24. Rcc1 bxa4 25. Bh3 Qb7 26. Bf1 Nd4 27. Bc4 Qxe4 28. Bxd4 Qxd4 29. Bb5 Qxb2 30. Bxa4 Bg7 31. Qg5 h6 32.
Qe3 Rfc8 33. Rcb1 Qc3 34. Qe2 Ra5 35. Ra2 Rca8 36. Rc2 Qd4 37. Bb3 Ra1 38. Rcc1 Rxb1 39. Rxb1 e4 40. Qg4 e3 41. Qxd4 Bxd4 42. fxe3 Bxe3+ 43. Kg2 Bd2 44. Kf3 Bc3 45. h4 Kg7 46. Bc4 Rc8 47. Ke4 Rxc4+ 0-1

[Event "*** SCC Grand Prix: Titled Tuesday Blitz"]
[Site "Chess.com"]
[Date "2020.07.07"]
[Round "1"]
[White "saraswathii"]
[Black "GMKrikor"]
[Result "0-1"]
[WhiteElo "2350"]
[BlackElo "2672"]
[TimeControl "180+1"]
[EndTime "10:07:31 PDT"]
[Termination "GMKrikor won by resignation"]

1. e4 g6 2. d3 Bg7 3. Nf3 c5 4. g3 Nc6 5. Bg2 e5 6. O-O Nge7 7. c3 O-O 8. Be3 d6 9. Na3 h6 10. Nc2 f5 11. exf5 Nxf5 12. d4 cxd4 13. cxd4 e4 14.
Nd2 d5 15. Nb3 b6 16. Rc1 Be6 17. Qd2 Rc8 18. Nb4 Nxb4 19. Qxb4 Qd7 20. Rxc8 Rxc8 21. Rc1 Bf8 22. Qd2 Qa4 23. Rxc8 Bxc8 24. Nc1 Bg7 25. b3 Qc6 26. Ne2 Ba6 27. Nf4 g5 28. Nh5 Bxd4 29. Bh3 Nxe3 30. fxe3 Be5 31. Bf5 Bd3 32. Kg2 Kf8 33. h4 Ke7 34. hxg5 hxg5 35. Qf2 Qc2 36.
Bg4 Qxf2+ 37. Kxf2 a5 38. Bd1 b5 39. g4 b4 40. Ng3 Bxg3+ 41. Kxg3 Bb1 42. Kf2 Bxa2 43. Bc2 a4 44. bxa4 b3 0-1

[Event "*** SCC Grand Prix: Titled Tuesday Blitz"]
[Site "Chess.com"]
[Date "2020.07.07"]
[Round "1"]
[White "RitvarsReimanis"]
[Black "ElCoachRene"]
[Result "1/2-1/2"]
[WhiteElo "2569"]
[BlackElo "2250"]
[TimeControl "180+1"]
[EndTime "10:07:31 PDT"]
[Termination "Game drawn by agreement"]

1. d4 Nc6 2. Nf3 d5 3. c4 Bg4 4.
Nc3 Bxf3 5. gxf3 e6 6. e3 Nf6 7. Qb3 Na5 8. Qa4+ c6 9. cxd5 exd5 10. b4 Nc4 11. b5 Nb6 12. Qd1 Bb4 13. Bd2 a6 14. bxc6 bxc6 15. Rb1 a5 16. Bd3 Rb8 17. O-O O-O 18. Qc2 h6 19. Rfc1 Re8 20. Ne2 Rc8 21.
Bxb4 axb4 22. Rxb4 Nbd7 23. Ba6 Rc7 24. Rb7 Nb8 25.
Rxc7 Qxc7 26. Bd3 Qd7 27. Ng3 Qh3 28. Bf5 Qh4 29. a4 Qg5 30. f4 Qh4 31. a5 Ng4 32. Bxg4 Qxg4 33. a6 Qd7 34. Ra1 Qa7 35. Qc5 Re7 36. Nf5 Qxc5 37. dxc5 Ra7 38. Nd4 Rxa6 39.
Rb1 Nd7 40. Rc1 g5 41. fxg5 hxg5 42. Kg2 Kg7 43. Kg3 Kg6 44. h4 gxh4+ 45. Kxh4 Kf6 46. Kg3 Ne5 47. Rb1 Ra5 48. Rc1 Nd3 49. Rc3 Nxc5 50.
f3 1/2-1/2

[Event "*** SCC Grand Prix: Titled Tuesday Blitz"]
[Site "Chess.com"]
[Date "2020.07.07"]
[Round "1"]
[White "suyu28"]
[Black "ViktoriyaTarasova"]
[Result "1-0"]
[WhiteElo "2575"]
[BlackElo "2237"]
[TimeControl "180+1"]
[EndTime "10:07:31 PDT"]
[Termination "suyu28 won by resignation"]

1. Nf3 Nf6 2. g3 e6 3. Bg2 b6 4. O-O Bb7 5. d4 c5 6. c3 Be7 7.
b3 O-O 8. Bb2 Qc7 9. c4 cxd4 10.
Qxd4 Nc6 11. Qd2 Rfd8 12. Nc3 d5 13. cxd5 Nxd5 14. Nxd5 Rxd5 15. Qc2 Rc5 16. Qb1 Rd8 17. a3 a5 18. Rc1 Rxc1+ 19. Qxc1 Qd7 20. Qc2 h6 21. Rc1 Rc8 22. Rd1 Qe8 23. Qb1 Qf8 24. Qa1 Ba6 25. e3 Rd8 26. Rxd8 Nxd8 27. Ne5 Qe8 28. Nc4 Bxc4 29. bxc4 Bf8 30. Bd4 b5 31. c5 Nc6 32. Qb1 Na7 33. c6 Qb8 34. Bxa7 Qxa7 35.
Qxb5 Bxa3 36. Be4 Bd6 37. Bc2 g6 38. Qd3 Be5 39. h4 Kg7 40. h5 gxh5 41. Qh7+ Kf6 42. Qxh6+ Ke7 43. Qxh5 Qc5 44. Ba4 Qc4 45. Qxe5 Qxa4 46.
Qc7+ Kf6 47. Qd8+ Kg7 48. c7 Qa1+ 49. Kg2 1-0

[Event "*** SCC Grand Prix: Titled Tuesday Blitz"]
[Site "Chess.com"]
[Date "2020.07.07"]
[Round "1"]
[White "Iball95"]
[Black "fabianvivasz"]
[Result "0-1"]
[WhiteElo "2579"]
[BlackElo "2276"]
[TimeControl "180+1"]
[EndTime "10:07:32 PDT"]
[Termination "fabianvivasz won by checkmate"]

1. e4 e5 2. Nf3 Nc6 3. Bc4 Nf6 4. d4 exd4 5. e5 Ng4 6. Bxf7+ Kxf7 7. Ng5+ Kg8 8. Qxg4 d6 9. e6 Qf6 10. O-O h6 11. Nf3 Bxe6 12. Qe4 d5 13. Qd3 Bf5 14. Qb5 Bxc2 15. Qxd5+ Kh7 16. Nbd2 Rd8 17. Qb5 Bd6 18. Qxb7 Bd3 19. Re1 Rb8 20. Qxc6 Bxh2+ 21. Nxh2 Qxc6 22. Ndf3 Qd6 23. b3 c5 24. Ba3 Rhe8 25. Red1 Be2 26.
Rxd4 Qxd4 27. Nxd4 cxd4 28. Nf1 Bxf1 29. Kxf1 Rbc8 30.
Rd1 Rc2 31. g3 Ree2 32. Rxd4 Rxf2+ 33. Ke1 Rce2+ 34. Kd1 Rxa2 35. Ke1 Rh2 36. Rf4 Ra1+ 37. Bc1 Rxc1# 0-1

[Event "*** SCC Grand Prix: Titled Tuesday Blitz"]
[Site "Chess.com"]
[Date "2020.07.07"]
[Round "1"]
[White "GianmarcoVaR"]
[Black "harlem4brew"]
[Result "1-0"]
[WhiteElo "2522"]
[BlackElo "2130"]
[TimeControl "180+1"]
[EndTime "10:07:32 PDT"]
[Termination "GianmarcoVaR won by resignation"]

1. d4 Nf6 2. c4 d5 3. cxd5 Nxd5 4. e4 Nb6 5. Nc3 c6 6. Be3 e6 7. Qd2 Bb4 8. Nf3 N8d7 9. a3 Bxc3 10. bxc3 Nf6 11.
Bd3 c5 12. O-O c4 13. Bc2 h6 14. a4 a5 15. Rfb1 Ra6 16. Ne5 Qc7 17. Rb5 Nfd7 18. f4 Nxe5 19. fxe5 Bd7 20. Rbb1 Nc8 21. Rf1 Qd8 22. d5 exd5 23. exd5 Ne7 24. Qd4 O-O 25. Qxc4 Qc8 26. Qe4 g6 27. Bxh6 Bf5 28. Qe2 Qxc3 29. Bxf8 Kxf8 30. Bxf5 Nxf5 31. d6 Qd4+ 32. Kh1 Qh4 33. Qf2 Qh8 34. d7 Kg7 35. Rad1 Ra8 36. Kg1 Re8 37. dxe8=Q Qxe8 38. g4 Nh6 39. Qf6+ Kh7 40. e6 Qxa4 41. exf7 Qxg4+ 42. Kh1 Qe4+ 43. Qf3 Qxf3+ 44. Rxf3 Nxf7 45. Rxf7+ Kh6 46. Rxb7 a4 47. Ra7 a3 48. Rxa3 g5 49. Rd6+ Kh5 50. Rg3 g4 51.
Rd5+ Kh4 52. Rd4 Kg5 53. Rgxg4+ Kf5 54. Rde4 1-0

[Event "*** SCC Grand Prix: Titled Tuesday Blitz"]
[Site "Chess.com"]
[Date "2020.07.07"]
[Round "1"]
[White "Ziachess74"]
[Black "gui_borba"]
[Result "1/2-1/2"]
[WhiteElo "2646"]
[BlackElo "2339"]
[TimeControl "180+1"]
[EndTime "10:07:33 PDT"]
[Termination "Game drawn by agreement"]

1. d4 Nf6 2. c4 e6 3. Nc3 Bb4 4. Bd2 c5 5. dxc5 O-O 6. Nf3 Na6 7. e3 Nxc5 8. Be2 b6 9. O-O Bb7 10. a3 Bxc3 11. Bxc3 Nce4 12. Bd4 Rc8 13. Rc1 Qe7 14. Qa4 Ra8 15. b4 d5 16. c5 bxc5 17. bxc5 a5 18. c6 Ba6 19. Bxa6 Rxa6 20. Ne5 Rc8 21. Qb5 Raa8 22.
Qb7 Qf8 23. Nd7 Nxd7 24. cxd7 Rcb8 25. Qc7 Qd8 26. f3 Nd2 27. Qe5 Qf8 28. Rfd1 Nc4 29.
Qc7 Qd8 30. Qg3 Qf8 31. Bf6 Nxe3 32. Re1 Nf5 33. Qg4 Kh8 34. d8=Q Rxd8 35. Bxd8 Qxd8 36. a4 Qd6 37. Kh1 Rb8 38. Qg5 h6 39. Qd2 Rb4 40. Rc8+ Kh7 41. Qc2 1/2-1/2

[Event "*** SCC Grand Prix: Titled Tuesday Blitz"]
[Site "Chess.com"]
[Date "2020.07.07"]
[Round "1"]
[White "DonPreuss"]
[Black "S-Fazulyanov"]
[Result "0-1"]
[WhiteElo "2191"]
[BlackElo "2542"]
[TimeControl "180+1"]
[EndTime "10:07:33 PDT"]
[Termination "S-Fazulyanov won on time"]

1. d4 d5 2. e4 dxe4 3. Nc3 Nf6 4. f3 exf3 5. Nxf3 b6 6. Bd3 Bb7 7. O-O g6 8. Qe1 Bg7 9. Qh4 O-O 10. Ne2 h5 11. Bg5 Nbd7 12. Ne5 Nxe5 13. dxe5 Qd5 14. Rf2 Ng4 15. Nc3 Qd4 16. Rf1 Bxe5 17. Bxe7 Nxf2 18. Rxf2 Qxh4 19. Bxh4 Bd4 20. Kf1 Bxf2 21. Bxf2 Rfe8 22.
Nb5 Re7 23. Bg3 c6 24. Nd6 Bc8 25. Bh4 Rd7 26. Ne4 Kf8 27. Nf6 Rd6 28. Ne4 Re6 29.
Ng5 Re8 30. Ne4 Bf5 31. Nc3 Bxd3+ 32. cxd3 Re3 33. d4 Rae8 34. Bf6 R8e6 35. Be5 f6 36. Bb8 Rd3 37. Kf2 Rxd4 38. Bxa7 Rd2+ 39. Kf3 Rxb2 40. Ne4 Kf7 41. Bb8 Rxa2 42. Nd6+ Ke7 43. Nc8+ Kd8 44. Nxb6 Rb2 0-1

[Event "*** SCC Grand Prix: Titled Tuesday Blitz"]
[Site "Chess.com"]
[Date "2020.07.07"]
[Round "1"]
[White "Bacyanide"]
[Black "LyonBeast"]
[Result "0-1"]
[WhiteElo "2461"]
[BlackElo "3028"]
[TimeControl "180+1"]
[EndTime "10:07:34 PDT"]
[Termination "LyonBeast won on time"]

1. d4 Nf6 2. c4 Nc6 3. Nc3 e5 4.
d5 Ne7 5. a3 Ng6 6. h4 h5 7. g3 Bc5 8. b4 Bd4 9. Bd2 a5 10. Nf3 Bxc3 11. Bxc3 d6 12. Bg2 Bg4 13. bxa5 O-O 14. O-O Nd7 15. e4 Nc5 16. Qc2 f5 17.
exf5 Bxf5 18. Qa2 Be4 19. Ng5 Bxg2 20. Kxg2 Qd7 21. Qe2 Qg4 22. Qxg4 hxg4 23. Bb4 Nd3 24. Ne6 Rf3 25. Ra2 c5 26. dxc6 bxc6 27. Bxd6 Rf6 28. Nc7 Rxa5 29. c5 e4 30. h5 Nh8 31.
a4 Nf7 32. Rb1 Nxd6 33. cxd6 Rxd6 34. Rb8+ Kh7 35. Re8 Rd4 36. Ne6 Rc4 37. Nf4 Ne1+ 38. Kf1 Nf3 39. Ke2 Ra7 40. Ke3 Rd7 41. Ng6 Kh6 42.
Kf4 Kxh5 0-1

[Event "*** SCC Grand Prix: Titled Tuesday Blitz"]
[Site "Chess.com"]
[Date "2020.07.07"]
[Round "1"]
[White "chito89"]
[Black "biesiadnik"]
[Result "1/2-1/2"]
[WhiteElo "2807"]
[BlackElo "2434"]
[TimeControl "180+1"]
[EndTime "10:07:34 PDT"]
[Termination "Game drawn by agreement"]

1. e4 e6 2. d4 d5 3. Nc3 Bb4 4. Ne2 Nc6 5. a3 Ba5 6. b4 Bb6 7. Bb2 a5 8. b5 Nce7 9. g3 a4 10. Bg2 Nf6 11. e5 Nd7 12. O-O c5 13. bxc6 bxc6 14. Nf4 Ba6 15. Re1 Bc4 16. Nb1 Ng6 17.
Nxg6 hxg6 18. Nd2 Bb5 19. h4 Ba5 20. Re3 Nb6 21. Bc3 Nc4 22. Nxc4 Bxc4 23. Qg4 Rb8 24. Rf3 Bxc3 25. Rxc3 Qa5 26. Rxc4 dxc4 27. Bxc6+ Kf8 28.
Qf3 Ke7 29. d5 exd5 30. Bxd5 Rhf8 31. Bxc4 Rbc8 32. Qf4 Qc3 33. Rd1 Rxc4 34. Qg5+ f6 35.
exf6+ gxf6 36. Qd5 Rc7 37. Rd3 Qa1+ 38. Kh2 Rfc8 39.
Re3+ Kf8 40. h5 gxh5 41. Qxh5 Kg8 42. Qg6+ Rg7 43. Re8+ Rxe8 44. Qxe8+ Kh7 45. Qh5+ Kg8 1/2-1/2

[Event "*** SCC Grand Prix: Titled Tuesday Blitz"]
[Site "Chess.com"]
[Date "2020.07.07"]
[Round "1"]
[White "gagtemp"]
[Black "Semetey"]
[Result "0-1"]
[WhiteElo "1881"]
[BlackElo "2475"]
[TimeControl "180+1"]
[EndTime "10:07:34 PDT"]
[Termination "Semetey won by resignation"]

1. e4 c5 2. Nf3 e6 3. d4 cxd4 4. Nxd4 a6 5. Nc3 Qc7 6. Be3 Nf6 7.
Bd3 b5 8. a3 Bb7 9. O-O d6 10.
Kh1 Nbd7 11. f4 Be7 12. Qe1 O-O 13. Qg3 Rac8 14. Rae1 Rfe8 15. Qh3 Bf8 16. e5 dxe5 17. fxe5 Qxe5 18. Bg1 Qh5 19. Qg3 Rc5 20. Nf3 Rec8 21. Bxc5 Qxc5 22. Ne5 g6 23. Nxd7 Nxd7 24. Ne4 Qe7 25.
h4 Bg7 26. b3 h5 27. Ng5 Nf6 28. Ne4 Nxe4 29. Bxe4 Bxe4 30. Rxe4 Rxc2 31. Qd3 Rc3 32. Qb1 Qxa3 33. Rd1 Rxb3 34. Rd8+ Kh7 35. Qe1 Qa2 36. Re2 Qa4 37. Qf2 Rb1+ 38. Re1 Rb4 39. Rdd1 Rxh4+ 40.
Kg1 Bd4 41. Rxd4 Qxd4 42. Re3 Qd1+ 43. Re1 Qd4 44. Re3 Rf4 45. Rf3 Qxf2+ 46. Rxf2 Rxf2 47. Kxf2 a5 0-1

[Event "*** SCC Grand Prix: Titled Tuesday Blitz"]
[Site "Chess.com"]
[Date "2020.07.07"]
[Round "1"]
[White "1977Ivan"]
[Black "tlomigtlis"]
[Result "1-0"]
[WhiteElo "2681"]
[BlackElo "2363"]
[TimeControl "180+1"]
[EndTime "10:07:35 PDT"]
[Termination "1977Ivan won by checkmate"]

1. d4 d5 2. c4 c6 3. Nf3 Nf6 4. Nc3 e6 5. Bg5 dxc4 6. a4 b5 7.
axb5 cxb5 8. Nxb5 Qb6 9. Na3 Bxa3 10. Rxa3 Qxb2 11. Qc1 Qxc1+ 12. Bxc1 Nc6 13. e3 Nb4 14. Ra4 Nd3+ 15. Bxd3 cxd3 16. Ne5 Bb7 17. Nxd3 Bxg2 18. Rg1 Bc6 19. Ra5 O-O 20. Ne5 Bd5 21. f3 Rfc8 22. Bd2 Rcb8 23. Ke2 Rb2 24. Rga1 h6 25. Rxa7 Rc8 26. e4 Bc4+ 27. Ke3 Rb3+ 28. Kf4 g5+ 29. Kg3 Nxe4+ 30. Kg4 Nxd2 31. Rxf7 Bd5 32. Raa7 Bb7 33.
Raxb7 Rxb7 34. Rxb7 Nc4 35. Re7 Ne3+ 36. Kh5 Nf5 37. Rd7 Rc2 38. Kg6 Rc8 39. Kf6 Re8 40.
d5 exd5 41. Kxf5 Rf8+ 42. Kg6 Re8 43. Rg7+ Kf8 44. Nd7# 1-0

[Event "*** SCC Grand Prix: Titled Tuesday Blitz"]
[Site "Chess.com"]
[Date "2020.07.07"]
[Round "1"]
[White "pfalcon1949"]
[Black "AccioChess"]
[Result "0-1"]
[WhiteElo "1939"]
[BlackElo "2477"]
[TimeControl "180+1"]
[EndTime "10:07:35 PDT"]
[Termination "AccioChess won by checkmate"]

1. d4 Nf6 2. c4 e6 3. Nc3 Bb4 4.
Qc2 O-O 5. e4 d5 6. e5 Ne4 7. Bd3 c5 8. Ne2 Nc6 9. O-O f5 10. exf6 Nxf6 11. dxc5 Bxc5 12. Bg5 h6 13. Bxf6 Qxf6 14. cxd5 Nb4 15. Bh7+ Kh8 16. Qg6 Bxf2+ 17. Kh1 exd5 18. a3 Nc6 19. Nxd5 Qxg6 20. Bxg6 Bg4 21. Nec3 Ne5 22. Be4 Bc5 23. b4 Bd4 24. Rac1 g5 25. h3 Be6 26. Rxf8+ Rxf8 27. Ne2 Bb2 28. Rc7 Nd7 29. Rxb7 Rf1+ 30. Kh2 Be5+ 31. Ng3 Re1 32. Bg6 Kg7 33. Ne7 Kf6 34. Ng8+ Kxg6 35.
Ne7+ Kf7 36. Nc6 Kf6 37. Nxa7 h5 38. Nc6 Bf4 39. Ne5 h4 40. Ng4+ Bxg4 41. hxg4 hxg3+ 42. Kh3 Rh1# 0-1

[Event "*** SCC Grand Prix: Titled Tuesday Blitz"]
[Site "Chess.com"]
[Date "2020.07.07"]
[Round "1"]
[White "ExtremeLearner"]
[Black "Bazarov04"]
[Result "1/2-1/2"]
[WhiteElo "2325"]
[BlackElo "2634"]
[TimeControl "180+1"]
[EndTime "10:07:36 PDT"]
[Termination "Game drawn by repetition"]

1. d4 e6 2. c4 f5 3. Nc3 Nf6 4. Nf3 Bb4 5. Bd2 O-O 6. e3 d6 7. Be2 Nc6 8. O-O e5 9. dxe5 dxe5 10. a3 Bxc3 11. Bxc3 Qe7 12. Rc1 a5 13. Qc2 a4 14.
Rfd1 Ne4 15. Be1 Be6 16. Nd2 Nc5 17. Nf3 Nb3 18. Rb1 Rad8 19. Bc3 e4 20. Nd4 Ncxd4 21. exd4 Rfe8 22. d5 Bf7 23. Re1 Qg5 24. Rbd1 f4 25. Bf1 Bg6 26. Qe2 h6 27. f3 e3 28. Rd4 Kh7 29.
Red1 Qf5 30. R4d3 Nc5 31. Rd4 Nb3 32. R4d3 b6 33. Bb4 Qf6 34. Bc3 Qf5 35. Bb4 Qf7 36. Rc3 Rd7 37. d6 c5 38. Rxb3 axb3 39. Bc3 Re6 40.
Rd5 Rexd6 41. Rxd6 Rxd6 42. Qe1 Qf5 43. Be2 Qc2 44. g3 Bd3 45. Bxd3+ Rxd3 46. Qf1 Rd1 47.
Be1 Qc1 48. Kg2 Rxe1 49. Qd3+ Kg8 50. Qd8+ Kf7 51. Qd7+ Kf6 52. Qd6+ Kf7 53. Qd7+ Kf8 54.
Qd8+ Kf7 55. Qd7+ 1/2-1/2

[Event "*** SCC Grand Prix: Titled Tuesday Blitz"]
[Site "Chess.com"]
[Date "2020.07.07"]
[Round "1"]
[White "Riptide27"]
[Black "Roza_Idrisova"]
[Result "0-1"]
[WhiteElo "2532"]
[BlackElo "2216"]
[TimeControl "180+1"]
[EndTime "10:07:36 PDT"]
[Termination "Roza_Idrisova won by resignation"]

1. d4 d5 2. c4 c6 3. cxd5 cxd5 4.
Bf4 Nc6 5. e3 Qb6 6. Nc3 Nf6 7.
a3 Bf5 8. Nb5 Rc8 9. b4 a6 10.
Nc3 e6 11. Na4 Qd8 12. Nc5 Bxc5 13. bxc5 O-O 14. Nf3 Ne4 15. Qa4 f6 16. Bd3 Nc3 17. Qc2 Bxd3 18. Qxd3 Qa5 19. O-O b6 20. Nd2 e5 21.
Bg3 e4 22. Qc2 Ne2+ 23. Kh1 Nxg3+ 24. fxg3 bxc5 25. Nb3 Qb5 26. Nxc5 Na5 27. Rab1 Qc6 28. g4 Nc4 29. Rb3 a5 30. Rc3 Qe8 31. h3 h5 32.
gxh5 Qxh5 33. Nxe4 Nxe3 34. Nxf6+ gxf6 35. Rxc8 Nxc2 36. Rxc2 Rf7 37. Rcf2 Kg7 38. Rf5 Qe2 39. R1f3 Qe4 40.
Kh2 Qxd4 41. R5f4 Qe5 42. Rg3+ Kf8 43. Rh4 d4 44. Rh8+ Ke7 0-1

[Event "*** SCC Grand Prix: Titled Tuesday Blitz"]
[Site "Chess.com"]
[Date "2020.07.07"]
[Round "1"]
[White "googlegoom"]
[Black "Bhagya_2312"]
[Result "1-0"]
[WhiteElo "2518"]
[BlackElo "2127"]
[TimeControl "180+1"]
[EndTime "10:07:36 PDT"]
[Termination "googlegoom won on time"]

1. Nf3 d5 2. b3 Nf6 3. Bb2 c5 4. e3 Nc6 5. d4 e6 6. Nbd2 cxd4 7. Nxd4 Bb4 8. a3 Be7 9. Be2 O-O 10. O-O Bd7 11. c4 Rc8 12. b4 Bd6 13. c5 Bb8 14. Rc1 e5 15. N4f3 Qe7 16. Qb3 e4 17. Nd4 Ne5 18. Rfd1 Nfg4 19. h3 Nf6 20. Nb5 Ng6 21. Bxf6 Qxf6 22. Nd6 Rcd8 23. Nxb7 Nh4 24. Nxd8 Qg5 25.
Bf1 Bxh3 26. g3 Bxg3 27. Bxh3 Rxd8 28. Kf1 Qf6 29. Nxe4 dxe4 30. Rxd8+ Qxd8 31. fxg3 Qf6+ 32. Kg1 Nf3+ 33. Kg2 Qg5 34. Kf2 Ne5 35. Rd1 Nd3+ 36. Rxd3 exd3 37. Qxd3 h6 38. Bf5 g6 39. Be4 Qf6+ 40. Bf3 Qb2+ 41. Be2 Qxa3 42. Kg2 Qxb4 43. c6 1-0

[Event "*** SCC Grand Prix: Titled Tuesday Blitz"]
[Site "Chess.com"]
[Date "2020.07.07"]
[Round "1"]
[White "peixe64"]
[Black "GMNickPert"]
[Result "1/2-1/2"]
[WhiteElo "2316"]
[BlackElo "2622"]
[TimeControl "180+1"]
[EndTime "10:07:37 PDT"]
[Termination "Game drawn by repetition"]

1. e4 c5 2. Nf3 Nc6 3. d4 cxd4 4. Nxd4 e5 5. Nb5 d6 6. c4 Be7 7. N1c3 a6 8. Na3 Nf6 9. Be2 Be6 10. Be3 Rc8 11. O-O O-O 12. Rc1 Nd7 13. Bg4 Nc5 14. Re1 Nd4 15. b4 Bxg4 16. Qxg4 Nd3 17. Bxd4 exd4 18. Nd5 Kh8 19. Qg3 Nxc1 20. Rxc1 b5 21. Qd3 bxc4 22. Nxc4 Bg5 23. Rc2 Re8 24. Qxd4 f5 25. Re2 fxe4 26. Rxe4 Rxe4 27. Qxe4 Qe8 28. Qxe8+ Rxe8 29. f4 Be7 30. a4 Bf8 31. b5 axb5 32.
axb5 Re4 33. Na5 Re1+ 34. Kf2 Rb1 35. b6 g6 36. b7 Bg7 37. Ne7 Bd4+ 38. Kf3 Bc3 39.
Nec6 Bxa5 40. b8=Q+ Rxb8 41. Nxb8 Kg7 42. Ke4 Bc7 43.
Nc6 d5+ 44. Kxd5 Bxf4 45. h3 h5 46. Ke4 Bc7 47. Nd4 Kf7 48. Nf3 Bd6 49. Nd4 Kf6 50. Nf3 Bc7 51. Nd4 Bd6 52. Nf3 Bc7 53. Nd4 Bd6 1/2-1/2